 Dungeon Crawl Stone Soup version 0.27.1-16-g815e20cd7a (webtiles) character file.

Game seed: 4007874319553090453

77 belegose the Magician (level 4, 0/33 HPs)
             Began as a Mummy Fire Elementalist on Nov 21, 2021.
             Slain by a water moccasin skeleton (2 damage)
             ... on level 4 of the Dungeon.
             The game lasted 00:04:21 (1584 turns).

belegose the Magician (Mummy Fire Elementalist)     Turns: 1584, Time: 00:04:21

Health: 0/33       AC:  3    Str: 12    XL:     4   Next: 13%
Magic:  6/9        EV: 12    Int: 14    God:
Gold:   34         SH:  0    Dex: 12    Spells: 9/10 levels left

rFire    x . .     SeeInvis .   c - +0 mace
rCold    + . .     Faith    .   (no shield)
rNeg     + + +     Spirit   .   a - +0 robe
rPois    ∞         Reflect  .   f - +0 helmet
rElec    .         Harm     .   (no cloak)
rCorr    .         Rampage  .   (no gloves)
Will     .....                  (no boots)
Stlth    ++........             (no amulet)
HPRegen  0.11/turn              (no ring)
MPRegen  0.11/turn              (no ring)

@: no status effects
A: cold resistance 1, negative energy resistance 3, torment resistance 2, heat
vulnerability 1, no potions
a: no special abilities


You were on level 4 of the Dungeon.
You visited 1 branch of the dungeon, and saw 3 of its levels.

You collected 34 gold pieces.

Inventory:

Hand Weapons
 b - a +0 dagger
 c - a +0 mace (weapon)
Armour
 a - a +0 robe (worn)
 f - a +0 helmet (worn)
Scrolls
 d - a scroll of identify {unknown}
 e - a scroll of teleportation {unknown}
 g - a scroll of amnesia {unknown}


   Skills:
 + Level 1.6 Fighting
 - Level 1.5 Dodging
 - Level 1.5 Stealth
 + Level 3.5 Spellcasting
 + Level 1.7 Conjurations
 + Level 2.9 Fire Magic


You had 9 spell levels left.
You knew the following spells:

 Your Spells              Type           Power      Damage    Failure   Level
a - Foxfire               Conj/Fire      36%        2x1d5     8%          1

Your spell library contained the following spells:

 Spells                   Type           Power      Damage    Failure   Level
 Conjure Flame            Conj/Fire      9%         6-21      24%         3
 Inner Flame              Hex/Fire       6%         N/A       32%         3
 Sticky Flame             Conj/Fire      9%         2d3       61%         4
 Fireball                 Conj/Fire      4%         3d4       91%         5


Dungeon Overview and Level Annotations

Branches:
Dungeon (2/15)

Altars:

Annotations:
D:4 Natasha


Innate Abilities, Weirdness & Mutations

You are immune to poison.
Your flesh is cold resistant. (rC+)
You are immune to negative energy. (rN+++)
You are immune to unholy pain and torment.
You are vulnerable to heat. (rF-)
You do not drink.


Message History

Found a stone staircase leading up.
Casting: Foxfire (safe; 8% risk of failure)
Confirm with . or Enter, or press ? or * to list all spells.
You conjure some foxfire!
The water moccasin skeleton bites you.
* * * LOW HITPOINT WARNING * * *
You barely miss the water moccasin skeleton.
The foxfire hits the water moccasin skeleton.
The water moccasin skeleton is lightly damaged.
The foxfire hits the water moccasin skeleton.
The water moccasin skeleton is moderately damaged.
The water moccasin skeleton closely misses you.
The water moccasin skeleton barely misses you.
Casting: Foxfire (safe; 8% risk of failure)
Confirm with . or Enter, or press ? or * to list all spells.
You conjure some foxfire!
The water moccasin skeleton bites you.
* * * LOW HITPOINT WARNING * * *
You barely miss the water moccasin skeleton.
The water moccasin skeleton is moderately damaged.
The foxfire hits the water moccasin skeleton.
The water moccasin skeleton is moderately damaged.
The foxfire hits the water moccasin skeleton.
The water moccasin skeleton is moderately damaged.
The water moccasin skeleton bites you but does no damage.
The water moccasin skeleton bites you.
* * * LOW HITPOINT WARNING * * *
Unknown command.
Casting: Foxfire (safe; 8% risk of failure)
Confirm with . or Enter, or press ? or * to list all spells.
You conjure some foxfire!
The water moccasin skeleton bites you.
* * * LOW HITPOINT WARNING * * *
You hit the water moccasin skeleton.
The water moccasin skeleton is heavily damaged.
The foxfire hits the water moccasin skeleton.
The water moccasin skeleton is heavily damaged.
The foxfire hits the water moccasin skeleton.
The water moccasin skeleton is severely damaged.
The water moccasin skeleton bites you.
* * * LOW HITPOINT WARNING * * *
The water moccasin skeleton bites you.
You die...

#.#.......#
#....
#.#####...
#.... #.#
#.... #.#
#.... #.#
#.# #.#
#Z##.#
#@...#
.......§####
........+
........#
.........
........#
#######.#
#.#


You could see a water moccasin skeleton.

Vanquished Creatures
  Natasha (D:4)
  An adder (D:4)
  5 endoplasms
  2 giant cockroaches
  5 goblins (D:1)
  4 hobgoblins
  2 kobolds (D:1)
  3 quokkas (D:1)
  4 ball pythons (D:1)
  4 bats (D:1)
  3 frilled lizards (D:1)
  3 rats
37 creatures vanquished.

Vanquished Creatures (others)
  68 foxfires
68 creatures vanquished.

Grand Total: 105 creatures vanquished

Notes
Turn   | Place    | Note
-------+----------+-------------------------------------------
     0 | D:1      | belegose the Mummy Fire Elementalist began the quest for
                  | the Orb.
     0 | D:1      | Reached XP level 1. HP: 13/13 MP: 4/4
   139 | D:1      | Reached skill level 1 in Conjurations
   233 | D:1      | Reached XP level 2. HP: 20/20 MP: 3/5
   242 | D:1      | Reached skill level 3 in Spellcasting
   320 | D:1      | Found a faded altar of an unknown god.
   561 | D:1      | Reached skill level 1 in Fighting
   846 | D:1      | Reached XP level 3. HP: 26/26 MP: 7/7
  1129 | D:1      | You fall into a shaft and drop 1 floor!
  1345 | D:2      | You fall into a shaft and drop 2 floors!
  1421 | D:4      | Noticed Natasha
  1495 | D:4      | Killed Natasha
  1496 | D:4      | Reached XP level 4. HP: 6/32 MP: 4/9
  1542 | D:4      | Noticed Natasha
  1584 | D:4      | Slain by a water moccasin skeleton

Illustrated notes

Levels and vault maps discovered:
D:1:      dpeg_arrival_connections, layout_loops_ring,
          hellmonk_ecumenical_altar_run_dry, minmay_split_cup_large
D:2:      layout_loops_ring, serial_shops, shop
D:4:      layout_basic, gup_ossuary_entry_pyramid, uniq_natasha

Skill      XL: |  1  2 |
---------------+-------+-----
Conjurations   | 1 |  1.7
Spellcasting   | 3 |  3.5
Fighting       | 1 |  1.6
Dodging        | |  1.5
Stealth        | |  1.5
Fire Magic     | |  2.9

Action                   |  1- 3 |  4- 6 || total
-------------------------+-------+-------++-------
Melee: Dagger            |     2 |       ||     2
       Mace              |    34 |     4 ||    38
 Cast: Foxfire           |    36 |     3 ||    39
 Stab: Sleeping          |     2 |       ||     2
Armor: Robe              |     6 |     1 ||     7
Dodge: Dodged            |    28 |     3 ||    31
